 Dungeon Sprint DCSS version 0.21.1-1-g345015f (webtiles) character file.

2600000 Glory the Conqueror (level 18, -83/182 HPs)
             Began as a Demonspawn Berserker on Apr 9, 2018.
             Was a High Priest of Trog.
             Annihilated by a large bag of meat
             ... wielding a +9 giant spiked club
              (111 damage)
             ... in the Dungeon (Sprint VIII: "Arena of Blood").
             The game lasted 00:00:28 (26 turns).

Glory the Conqueror (Demonspawn Berserker)            Turns: 26, Time: 00:00:29

Health: -83/182    AC:  4    Str: 30    XL:     18   Next: 28%
Magic:  0/18       EV: 37    Int: 10    God:    Trog [*****.]
Gold:   0          SH:  8    Dex: 17    Spells: 17/17 levels left

rFire    . . .     SeeInvis .   j - +∞ Axe of Woe
rCold    . . .     Gourm    .   (shield currently unavailable)
rNeg     + . .     Faith    .   b - +0 animal skin
rPois    .         Spirit   +   (no helmet)
rElec    .         Reflect  .   (no cloak)
rCorr    .         Harm     .   (no gloves)
MR       +....     NoTele   +   (boots unavailable)
Stlth    ++........             (no amulet)
HPRegen  0.40/turn              (no ring)
MPRegen  0.32/turn              (no ring)

@: mighty, agile, berserk cooldown, slowed, very slow
A: hooves 3, large bone plates 3, negative energy resistance 1, powered by pain
3, magic shield, magic regeneration
a: Berserk, Trog's Hand, Brothers in Arms, Burn Spellbooks, Renounce Religion


You were in the Dungeon.
You worshipped Trog.
Trog was extremely pleased with you.
You were not hungry.

You visited 1 branch

Inventory:

Hand Weapons
 a - a +0 hand axe
 j - the +∞ Axe of Woe (weapon)
   (You found it in the Dungeon)
Armour
 b - a +0 animal skin (worn)
Scrolls
 i - a scroll of blinking
Potions
 d - a potion of curing
 e - a potion of heal wounds
 f - a potion of haste
 g - 2 potions of magic
 h - a potion of berserk rage
Comestibles
 c - a ration


   Skills:
 O Level 27 Fighting
 O Level 27 Axes
 + Level 26.8 Armour
 + Level 26.3 Dodging


You had 17 spell levels left.
You didn't know any spells.

Dungeon Overview and Level Annotations

Branches:
Dungeon (1/1)

Altars:
Makhleb


Innate Abilities, Weirdness & Mutations

You have hooves in place of feet.
You are completely covered in large bone plates. (SH +8)
You resist negative energy. (rN+)
You are powered by pain.
When hurt, damage is shared between your health and your magic reserves.
You regenerate magic rapidly.


Message History

Your Armour skill increases to level 26!
Your Dodging skill increases to level 26!
You hear a shout! x12
The destroyer blinks!
The large bag of meat appears out of thin air!
A large bag of meat comes into view. It is wielding a +9 giant spiked club.
A bag of meat comes into view. It is wielding a +9 war axe.
You hear a shout! x16
You block the bag of meat's attack. 2 orcs come into view.
Things that are here:
a +9 war axe; a +30 ring of slaying Unknown command.
A bag of meat comes into view. It is wielding a +9 war axe.
The bag of meat shouts!
You hear a shout! x4
The bag of meat moves out of view.
You hear a shout!
The large bag of meat hits you with a +9 giant spiked club!!!!
Ouch! That really hurt!
You die...

#... #... ..# .
....###... ..###..
.........###o.....
.#........_......
.......#O.)).#
......V#_.<._#
.......#).)..#..
.#....o..._......
....o.O@)###......
....###)o.....###..
... #.o.....# . .
#.o.....#
..........
....o......
......o....
...........#


You could see a destroyer, 2 large bags of meat and 8 bags of meat.

Vanquished Creatures
  A vampire knight (D)
  An ogre (D)
  12 orcs (D)
14 creatures vanquished.

Notes
Turn   | Place    | Note
-------+----------+-------------------------------------------
     0 | D        | Found the +∞ Axe of Woe
     0 | D        | Glory the Demonspawn Berserker began the quest for the Orb.
     0 | D        | Reached XP level 1. HP: 18/18 MP: 1/1
     3 | D        | Noticed a bag of meat
     3 | D        | Noticed a bag of meat
     4 | D        | Noticed a bag of meat
     5 | D        | Noticed a bag of meat
     5 | D        | Noticed a bag of meat
     7 | D        | Noticed a meat berserker
     8 | D        | Killed a bag of meat
     8 | D        | Gained mutation: You are partially covered in large bone plates. (SH +4) [demonic ancestry]
     8 | D        | Reached XP level 2. HP: 48/48 MP: 2/2
     8 | D        | Gained mutation: When hurt, damage is shared between your health and your magic reserves. [demonic ancestry]
     8 | D        | Reached XP level 3. HP: 54/54 MP: 3/3
     8 | D        | Reached XP level 4. HP: 62/62 MP: 4/4
     8 | D        | Reached XP level 5. HP: 68/68 MP: 5/5
     8 | D        | Gained mutation: You have large cloven feet. [demonic ancestry]
     8 | D        | Reached XP level 6. HP: 75/75 MP: 6/6
     8 | D        | Gained mutation: You sometimes gain a little power by taking damage. [demonic ancestry]
     8 | D        | Reached XP level 7. HP: 81/81 MP: 7/7
     8 | D        | Gained mutation: You have hoof-like feet. [demonic ancestry]
     8 | D        | Reached XP level 8. HP: 89/89 MP: 8/8
     8 | D        | Reached XP level 9. HP: 95/95 MP: 9/9
     8 | D        | Gained mutation: You regenerate magic rapidly. [demonic ancestry]
     8 | D        | Reached XP level 10. HP: 102/102 MP: 10/10
     8 | D        | Reached XP level 11. HP: 108/108 MP: 11/11
     9 | D        | Killed a bag of meat
     9 | D        | Reached skill level 10 in Armour
     9 | D        | Reached skill level 10 in Dodging
     9 | D        | Gained mutation: You are mostly covered in large bone plates. (SH +6) [demonic ancestry]
     9 | D        | Reached XP level 12. HP: 121/121 MP: 12/12
    10 | D        | Killed a bag of meat
    10 | D        | Reached ** piety under Trog
    10 | D        | Gained mutation: You are completely covered in large bone plates. (SH +8) [demonic ancestry]
    10 | D        | Reached XP level 13. HP: 132/132 MP: 13/13
    11 | D        | Noticed a bag of meat
    12 | D        | Killed a bag of meat
    12 | D        | Gained mutation: You have hooves in place of feet. [demonic ancestry]
    12 | D        | Reached XP level 14. HP: 143/143 MP: 11/14
    12 | D        | Killed a bag of meat
    14 | D        | Noticed a bag of meat
    14 | D        | Killed a meat berserker
    14 | D        | Reached *** piety under Trog
    14 | D        | Gained mutation: You resist negative energy. (rN+) [demonic ancestry]
    14 | D        | Reached XP level 15. HP: 156/156 MP: 11/15
    18 | D        | Reached skill level 27 in Fighting
    19 | D        | Reached skill level 27 in Axes
    19 | D        | Reached skill level 15 in Armour
    19 | D        | Reached skill level 15 in Dodging
    19 | D        | Gained mutation: You sometimes gain power by taking damage. [demonic ancestry]
    19 | D        | Reached XP level 16. HP: 124/167 MP: 10/16
    20 | D        | Noticed a destroyer
    20 | D        | Reached **** piety under Trog
    21 | D        | Noticed a large bag of meat
    23 | D        | Killed a destroyer
    23 | D        | Gained mutation: You are powered by pain. [demonic ancestry]
    23 | D        | Reached XP level 17. HP: 25/174 MP: 3/17
    23 | D        | Reached ***** piety under Trog
    23 | D        | Reached XP level 18. HP: 26/182 MP: 3/18
    24 | D        | Noticed a destroyer
    25 | D        | Noticed a large bag of meat
    26 | D        | Annihilated by a large bag of meat

Skill      XL: |  1  2  3  4  5  6  7  8  9 10 11 12 13 14 15 16 17 18 |
---------------+-------------------------------------------------------+-----
Fighting       | 17 20 21 23 26 27 | 27.0
Axes           | 16 19 20 22 25 27 | 27.0
Armour         | 9 10 11 12 14 15 23 25 26 | 26.8
Dodging        | 9 10 11 12 13 15 23 25 26 | 26.3

Action                   |  1- 3 |  4- 6 |  7- 9 | 10-12 | 13-15 | 16-18 || total
-------------------------+-------+-------+-------+-------+-------+-------++-------
Melee: Executioner's axe |     1 |       |       |     2 |     4 |     4 ||    11
Invok: Berserk           |     1 |       |       |       |       |       ||     1
Dodge: Dodged            |       |       |       |       |       |     1 ||     1
Block: Other             |       |       |       |       |     1 |     2 ||     3
